 Dungeon Crawl Stone Soup version 0.19-a0-1185-gacb3972 (webtiles) character file.

381 jacquesderrida the Cudgeler (level 6, -6/29 HPs)
             Began as a Vine Stalker Wanderer on Aug 18, 2016.
             Killed by divine providence
             ... invoked by an orc priest
              (10 damage)
             ... on level 3 of the Dungeon.
             The game lasted 00:06:12 (1256 turns).

jacquesderrida the Cudgeler (Vine Stalker Wanderer) Turns: 1256, Time: 00:06:12

Health: -6/29      AC: 11    Str: 15    XL:     6   Next: 75%
Magic:  0/10       EV: 10    Int: 12    God:
Gold:   106        SH:  0    Dex: 15    Spells: 0 memorised, 9 levels left

rFire  . . .     SeeInvis .     w - +2 dire flail (protect)
rCold  . . .     Gourm    .     r - +0 ring mail
rNeg   . . .     Faith    .     (shield currently unavailable)
rPois  +         Spirit   +     y - +0 helmet (curse)
rElec  .         Dismiss  .     (no cloak)
rCorr  .         Reflect  .     (no gloves)
MR     .....     Harm     .     (no boots)
Stlth  ..........               v - amulet of rage
                                A - ring of loudness (curse)
                                k - ring of poison resistance

@: very slightly contaminated
A: fangs 2, regeneration 2, magic shield, antimagic bite, no device heal 3, rot
immunity
a: Evoke Berserk Rage


You were on level 3 of the Dungeon.
You were not hungry.

You visited 1 branch of the dungeon, and saw 5 of its levels.

You collected 106 gold pieces.

Inventory:

Hand Weapons
 j - a +1 dagger of freezing
 p - a +2 dagger of draining
 w - a +2 dire flail of protection (weapon)
Missiles
 t - 3 javelins (quivered)
Armour
 d - a +0 robe
 r - a +0 ring mail (worn)
 y - a cursed +0 helmet (worn)
Jewellery
 k - a ring of poison resistance (left hand)
 v - an amulet of rage (around neck)
 A - a cursed ring of loudness (right hand)
Scrolls
 h - 4 scrolls of identify
 u - a scroll of magic mapping
Potions
 c - 2 potions of curing
Books
 a - a book of Necromancy

   Spells                             Type                      Level
   a - Pain                           Necromancy                   1
   b - Animate Skeleton               Necromancy                   1
   c - Vampiric Draining              Necromancy                   3
   d - Regeneration                   Charms/Necromancy            3
   e - Animate Dead                   Necromancy                   4
   f - Control Undead                 Necromancy                   4
 b - the Reference Book on the Blaze

   Spells                             Type                      Level
   a - Flame Tongue                   Conjuration/Fire             1
   b - Ignite Poison                  Fire/Transmutation/Poison    3
Comestibles
 f - a bread ration
 m - 2 meat rations
 z - 2 chunks of flesh


   Skills:
 + Level 0.8 Fighting
 * Level 5.5(5.8) Maces & Flails
   Level 2.6(4.4) Staves
 + Level 0.8 Armour
 + Level 0.8 Dodging
 - Level 1.2 Stealth
   Level 1.0 Shields
 - Level 2.1 Spellcasting
   Level 1.0 Summonings
   Level 2.0 Necromancy


You had 9 spell levels left.
You didn't know any spells.

Dungeon Overview and Level Annotations

Branches:
Dungeon (5/15)
 Temple: D:4-7

Altars:


Innate Abilities, Weirdness & Mutations

You have extremely sharp teeth.
You heal very quickly.
When hurt, damage is shared between your health and your magic reserves.
Your bite disrupts and absorbs the magic of your enemies.
Potions and wands cannot restore your health.
You are immune to rotting.


Message History

The orc priest calls down the wrath of Beogh upon you.
Beogh smites you!
The orc priest mumbles some strange prayers to Beogh against you.
Pain shoots through your body!
* * * LOW HITPOINT WARNING * * *
The orc priest calls down the wrath of Beogh upon you.
Beogh smites you!
* * * LOW HITPOINT WARNING * * *
There is an escape hatch in the ceiling here.
A mysterious force pulls you upwards. The hatch slams shut behind you.
The orc shouts!
The orc hits you but does no damage.
The orc throws a tomahawk.
The tomahawk completely misses you. The orc closely misses you.
Okay, then.
The orc throws a tomahawk.
The tomahawk hits you but does no damage.
You see here a tomahawk.
The orc priest invokes the aid of Beogh against you.
Beogh smites you!
You die...

## #.. ###### #.#
.....# #.# .....#
##.## .....#
##...## .....#
##.>...#####
.†...###.....ooo@.#
.........)...o(##.#
.....###.......# !#
###### ##.....## .#
#..........
#.........#
#...####### ##..#
#..#


You could see an orc priest and 3 orcs.

Vanquished Creatures
  Edmund (D:4)
  A hound (D:5)
  2 iguanas (D:4)
  2 worker ants (D:5)
  Robin (D:4)
  2 adders
  A shadow imp (D:5)
  A worm (D:2)
  A giant gecko (D:3)
  16 orcs
  3 giant cockroaches
  10 goblins
  6 hobgoblins
  5 jackals
  A quokka (D:4)
  A ball python (D:4)
  6 bats
  A giant newt (D:2)
  A jackal skeleton (D:4)
  A jackal zombie (D:5)
  5 kobolds
  7 rats
75 creatures vanquished.

Notes
Turn   | Place    | Note
-------+----------+-------------------------------------------
     0 | D:1      | jacquesderrida the Vine Stalker Wanderer began the quest for the Orb.
     0 | D:1      | jacquesderrida set off with: a book of Necromancy, the Reference Book on the Blaze, a potion of curing, a +0 robe, a +0 club, a bread ration
     0 | D:1      | Reached XP level 1. HP: 9/9 MP: 4/4
   101 | D:1      | Reached skill level 1 in Maces & Flails
   108 | D:1      | Reached XP level 2. HP: 8/13 MP: 6/6
   427 | D:2      | Reached skill level 2 in Maces & Flails
   459 | D:2      | Reached XP level 3. HP: 4/16 MP: 2/7
   620 | D:4      | Reached skill level 3 in Maces & Flails
   620 | D:4      | Reached XP level 4. HP: 8/21 MP: 0/8
   622 | D:4      | Noticed Edmund
   632 | D:5      | Entered Level 5 of the Dungeon
   704 | D:5      | Reached skill level 4 in Maces & Flails
   750 | D:5      | Reached XP level 5. HP: 19/24 MP: 7/9
   821 | D:4      | Killed Edmund
   821 | D:4      | Reached skill level 5 in Maces & Flails
   821 | D:4      | Gained mutation: You heal very quickly. [Vine Stalker growth]
   821 | D:4      | Reached XP level 6. HP: 23/28 MP: 10/10
  1126 | D:5      | Noticed an ice beast
  1150 | D:4      | Noticed Robin
  1186 | D:4      | Killed Robin
  1251 | D:4      | HP: 1/29 [orc priest/divine providence (8)]
  1256 | D:3      | Killed from afar by an orc priest

Vault maps used:
D:1:      scummos_arrival_simple_crosswalls
D:2:      first_bread, minivault_27, uniq_crazy_yiuf_cottage
D:3:      gammafunk_temple_overflow_statue, xom_redecorated
D:4:      uniq_robin, uniq_edmund

Skill      XL: |  1  2  3  4  5 |
---------------+----------------+-----
Maces & Flails | 1 2 3 4 5 |  5.5
Fighting       | |  0.8
Staves         | |  2.6
Armour         | |  0.8
Dodging        | |  0.8
Stealth        | |  1.2
Shields        | |  1.0
Spellcasting   | |  2.1
Summonings     | |  1.0
Necromancy     | |  2.0

Action                   |  1- 3 |  4- 6 || total
-------------------------+-------+-------++-------
Melee: Club              |    26 |       ||    26
       Bite              |    16 |    27 ||    43
       Dagger            |    69 |    39 ||   108
       Dire flail        |       |    82 ||    82
Throw: Javelin           |       |     2 ||     2
 Abil: Evoke Berserk Rag |       |     1 ||     1
  Use: Scroll            |       |     8 ||     8
 Stab: Sleeping          |     2 |       ||     2
  Eat: Chunk             |       |     2 ||     2
Armor: Robe              |    14 |     1 ||    15
       Ring mail         |       |    42 ||    42
Dodge: Dodged            |    57 |    71 ||   128
